 Dungeon Sprint DCSS version 0.27.1-33-g824d729ab1 (webtiles) character file.

Game seed: 6613807217788550928

605 Hipnos the Deadly Accurate (level 7, -2/66 HPs)
             Began as a Kobold Hunter on Nov 30, 2021.
             Was an Initiate of Okawaru.
             Slain by Sonja (4 damage)
             ... in the Dungeon (Sprint I: "Red Sonja").
             The game lasted 00:02:20 (531 turns).

Hipnos the Deadly Accurate (Kobold Hunter)           Turns: 531, Time: 00:02:20

Health: -2/66      AC:  5    Str: 11    XL:     7   Next: 70%
Magic:  7/7        EV: 16    Int: 12    God:    Okawaru [......]
Gold:   424        SH:  0    Dex: 16    Spells: 6/6 levels left

rFire    . . .     SeeInvis .   a - +0 short sword
rCold    . . .     Faith    .   (shield restricted)
rNeg     . . .     Spirit   .   k - +2 leather armour {rPois}
rPois    +         Reflect  .   (no helmet)
rElec    .         Harm     .   (no cloak)
rCorr    .         Rampage  .   (no gloves)
Will     .....     NoTele   +   (no boots)
Stlth    ..........             (no amulet)
HPRegen  0.21/turn              (no ring)
MPRegen  0.10/turn              (no ring)

@: berserking, very quick
A: small, no large weapons, nightstalker 3
a: Renounce Religion


You were in the Dungeon.
You worshipped Okawaru.
Okawaru was noncommittal.
You visited 1 branch You collected 424 gold pieces.

Inventory:

Hand Weapons
 a - a +0 short sword (weapon)
Missiles
 c - 8 boomerangs (quivered)
Armour
 b - a +0 leather armour
 k - a +2 leather armour of poison resistance (worn)
Scrolls
 f - a scroll of enchant weapon {unknown}
 j - a scroll of blinking
Potions
 d - 2 potions of brilliance {unknown}
 e - a potion of curing
 h - 2 potions of magic


   Skills:
 + Level 4.8 Fighting
 + Level 15.4 Throwing
 + Level 0.9 Armour
 + Level 5.3 Dodging
 - Level 1.3 Stealth


You had 6 spell levels left.
You didn't know any spells.
Your spell library was empty.

Dungeon Overview and Level Annotations

Branches:
Dungeon (1/1)

Altars:
Cheibriados
Dithmenos
Elyvilon
Fedhas
Gozag
Hepliaklqana
Kikubaaqudgha
Makhleb
Nemelex Xobeh
Okawaru
Qazlal
Ru
Sif Muna
Trog
Uskayaw
Vehumet
Wu Jian
Xom
Yredelemnul
Zin
The Shining One
Jiyva
Lugonu

Shops:
D [

Annotations:
D Sonja


Innate Abilities, Weirdness & Mutations

You are small and have problems with some larger weapons.
You are completely attuned to the shadows.


Message History

Press: ? - help, Q - select action Shift-Dir - straight line, f/p - Sonja
Aim: Sonja, wielding a +2 short sword of distortion, quivering curare-tipped darts and carrying a wand of acid (9) (heavily wounded, fast, 30% to hit)
You throw a boomerang.
The boomerang hits Sonja but does no damage.
Sonja is heavily wounded.
Throw: 8 boomerangs
Press: ? - help, Q - select action Shift-Dir - straight line, f/p - Sonja
Aim: Sonja, wielding a +2 short sword of distortion, quivering curare-tipped darts and carrying a wand of acid (9) (moderately wounded, fast, 30% to hit)
You throw a boomerang. The boomerang closely misses Sonja.
Sonja barely misses you.
Sonja hits you with a +2 short sword of distortion.
Space bends around you. Sonja barely misses you.
Sonja zaps a wand.
The bolt of acid hits you!
You are splashed with acid!
* * * LOW HITPOINT WARNING * * *
Throw: 8 boomerangs
Press: ? - help, Q - select action Shift-Dir - straight line, f/p - Sonja
Aim: Sonja, wielding a +2 short sword of distortion, quivering curare-tipped darts and carrying a wand of acid (8) (moderately wounded, fast, 30% to hit)
You throw a boomerang. The boomerang barely misses Sonja.
Sonja barely misses you.
Sonja hits you with a +2 short sword of distortion.
* * * LOW HITPOINT WARNING * * *
Sonja hits you but does no damage.
Throw: 8 boomerangs
Press: ? - help, Q - select action Shift-Dir - straight line, f/p - Sonja
Aim: Sonja, wielding a +2 short sword of distortion, quivering curare-tipped darts and carrying a wand of acid (8) (moderately wounded, fast, 30% to hit)
You throw a boomerang. The boomerang barely misses Sonja.
Sonja closely misses you. Sonja barely misses you. Sonja closely misses you.
Sonja hits you but does no damage.
Sonja hits you with a +2 short sword of distortion.
* * * LOW HITPOINT WARNING * * *
Sonja barely misses you.
A red film seems to cover your vision as you go berserk!
You feel yourself moving faster!
You feel mighty!
Sonja hits you with a +2 short sword of distortion!
* * * LOW HITPOINT WARNING * * *
Sonja misses you.
Sonja hits you with a +2 short sword of distortion.
* * * LOW HITPOINT WARNING * * *
Space bends around you.
You die...

######################
#<.#..)..#..'..#__#..+
#..)..#..').#..'..'..#
#..#####'#####'#__####
#..####..#...#.####
#..#__####..##.#
#..#_____##'#_.+
#⌠⌠#_.∩...'.†._#
####_..__##_@#'#
#_____###K#.# #######
#.### $.$ $.$


You could see Sonja (fast).

Vanquished Creatures
  A slime creature (D)
  Sigmund (D)
  A yak (D)
  An ogre (D)
  A jelly (D)
  Ijyb (D)
6 creatures vanquished.

Notes
Turn   | Place    | Note
-------+----------+-------------------------------------------
     0 | D        | Hipnos the Kobold Hunter began the quest for the Orb.
     0 | D        | Reached XP level 1. HP: 12/12 MP: 1/1
     3 | D        | Noticed Ijyb
    16 | D        | Killed Ijyb
    17 | D        | Reached skill level 7 in Throwing
    17 | D        | Reached XP level 2. HP: 10/18 MP: 2/2
    17 | D        | Reached XP level 3. HP: 12/22 MP: 3/3
   259 | D        | Noticed an ogre
   264 | D        | HP: 1/22 [ogre (21)]
   282 | D        | Killed an ogre
   283 | D        | Reached skill level 10 in Throwing
   283 | D        | Reached XP level 4. HP: 27/28 MP: 4/4
   283 | D        | Reached XP level 5. HP: 31/32 MP: 5/5
   296 | D        | Noticed Sigmund
   298 | D        | Killed Sigmund
   299 | D        | Reached skill level 12 in Throwing
   299 | D        | Reached XP level 6. HP: 38/38 MP: 6/6
   319 | D        | Found an ornate altar of the Wu Jian Council.
   320 | D        | Found a shimmering blue altar of Sif Muna.
   321 | D        | Found a radiant altar of Vehumet.
   325 | D        | Reached skill level 13 in Throwing
   355 | D        | Found a hazy altar of Hepliaklqana.
   355 | D        | Found a stormy altar of Qazlal.
   355 | D        | Found a hide-covered altar of Uskayaw.
   355 | D        | Found a blossoming altar of Fedhas.
   355 | D        | Noticed a yak
   362 | D        | Killed a yak
   363 | D        | Reached skill level 14 in Throwing
   363 | D        | Reached XP level 7. HP: 44/44 MP: 7/7
   365 | D        | Found Yskuch's Armour Emporium.
   365 | D        | Found a bloodstained altar of Trog.
   365 | D        | Found an opulent altar of Gozag.
   365 | D        | Found a snail-covered altar of Cheibriados.
   366 | D        | Found an iron altar of Okawaru.
   366 | D        | Found a sparkling altar of Nemelex Xobeh.
   366 | D        | Found a sacrificial altar of Ru.
   366 | D        | Found a glowing silver altar of Zin.
   367 | D        | Found an ancient bone altar of Kikubaaqudgha.
   367 | D        | Found a basalt altar of Yredelemnul.
   367 | D        | Found a glowing golden altar of the Shining One.
   367 | D        | Found a shadowy altar of Dithmenos.
   367 | D        | Found a white marble altar of Elyvilon.
   372 | D        | Became a worshipper of Warmaster Okawaru
   385 | D        | Found a burning altar of Makhleb.
   385 | D        | Found a viscous altar of Jiyva.
   385 | D        | Found a shimmering altar of Xom.
   385 | D        | Found a corrupted altar of Lugonu.
   385 | D        | Noticed a slime creature
   394 | D        | Killed a slime creature
   395 | D        | Reached skill level 15 in Throwing
   395 | D        | Reached skill level 5 in Dodging
   522 | D        | Noticed Sonja
   531 | D        | HP: 3/66 [Sonja (10)]
   531 | D        | Slain by Sonja

Illustrated notes

Levels and vault maps discovered:
D:        dungeon_sprint_1 [red_sonja_temple_1, red_sonja_temple_small_1]

Skill      XL: |  1  2  3  4  5  6  7 |
---------------+----------------------+-----
Throwing       | 7 10 12 14 15 | 15.4
Fighting       | 3 4 |  4.8
Dodging        | 3 4 5 |  5.3
Armour         | |  0.9
Stealth        | |  1.3

Action                   |  1- 3 |  4- 6 |  7- 9 || total
-------------------------+-------+-------+-------++-------
Throw: Boomerang         |    16 |     9 |    16 ||    41
       Throwing net      |     3 |       |       ||     3
  Use: Potion            |     2 |       |     1 ||     3
Armor: Leather armour    |       |       |     2 ||     2
Dodge: Dodged            |     3 |       |    10 ||    13
